 Dungeon Crawl Stone Soup version 0.25.0-9-g26727b657a (webtiles) character file.

Game seed: 9799887319378614612

6419 Delamore the Bludgeoner (level 10, -3/56 HPs)
             Began as a Gargoyle Fighter on June 17, 2020.
             Was a Priest of Okawaru.
             Killed from afar by a catoblepas (7 damage)
             ... with a blast of calcifying dust
             ... on level 8 of the Dungeon.
             The game lasted 00:13:22 (11382 turns).

Delamore the Bludgeoner (Gargoyle Fighter)         Turns: 11382, Time: 00:13:22

Health: -3/56      AC: 20    Str: 24    XL:     10   Next: 98%
Magic:  10/10      EV:  8    Int:  8    God:    Okawaru [***...]
Gold:   424        SH:  9    Dex:  9    Spells: 9/9 levels left

rFire    + . .     SeeInvis .   m - +0 flail (protect)
rCold    + . .     Gourm    .   c - +0 kite shield
rNeg     + . .     Faith    .   K - +1 ring mail {MR+}
rPois    ∞         Spirit   .   j - +0 helmet
rElec    +         Reflect  .   i - scarf {rC+ rF+}
rCorr    .         Harm     .   k - +0 pair of gloves
MR       ++...                  (no boots)
Stlth    ..........             (no amulet)
HPRegen  0.18/turn              E - +4 ring of protection
MPRegen  0.12/turn              b - ring of protection from magic

@: no status effects
A: negative energy resistance 1, electricity resistance, unbreathing,
petrification resistance, rot immunity, AC +7
a: Heroism, Renounce Religion


You were on level 8 of the Dungeon.
You worshipped Okawaru.
Okawaru was most pleased with you.
You were very hungry.

You visited 2 branches of the dungeon, and saw 10 of its levels.

You collected 424 gold pieces.

Inventory:

Hand Weapons
 a - a +0 flail
 m - a +0 flail of protection (weapon)
Missiles
 A - 2 silver boomerangs (quivered)
Armour
 c - a +0 kite shield (worn)
 i - a scarf of resistance (worn)
 j - a +0 helmet (worn)
 k - a +0 pair of gloves (worn)
 H - a +0 chain mail
 K - a +1 ring mail of magic resistance (worn)
Jewellery
 b - a ring of protection from magic (right hand)
 l - an uncursed ring of poison resistance
 p - an uncursed ring of stealth
 w - an uncursed ring of positive energy
 D - an uncursed ring of positive energy
 E - a +4 ring of protection (left hand)
Wands
 z - a wand of flame (9)
 J - a wand of paralysis (9)
Scrolls
 e - 13 scrolls of identify
 g - 3 scrolls of fog
 h - 4 scrolls of enchant armour {unknown}
 n - 2 scrolls of blinking {unknown}
 s - 2 scrolls of noise
 t - 4 scrolls of teleportation
 u - 2 scrolls of amnesia {unknown}
 v - 2 scrolls of enchant weapon {unknown}
 x - 2 scrolls of magic mapping {unknown}
 y - a scroll of remove curse
 C - a scroll of torment {unknown}
 F - a scroll of immolation {unknown}
 G - a scroll of fear {unknown}
 I - a scroll of holy word {unknown}
Potions
 d - a potion of heal wounds {unknown}
 o - a potion of brilliance
 q - 2 potions of haste
 r - a potion of degeneration {unknown}
 B - 3 potions of might
Comestibles
 f - 15 rations


   Skills:
 - Level 3.2 Fighting
 + Level 15.4 Maces & Flails
 - Level 3.2 Armour
 - Level 3.2 Shields


You had 9 spell levels left.
You didn't know any spells.
Your spell library was empty.

Dungeon Overview and Level Annotations

Branches:
Dungeon (9/15)             Temple (1/1) D:6            Lair (0/6) D:8
    Orc: D:9-12

Altars:
Ashenzari
Cheibriados
Dithmenos
Elyvilon
Fedhas
Gozag
Hepliaklqana
Kikubaaqudgha
Makhleb
Nemelex Xobeh
Okawaru
Qazlal
Ru
Sif Muna
Trog
Uskayaw
Vehumet
Wu Jian
Xom
Yredelemnul
Zin
The Shining One

Shops:
D:7 }


Innate Abilities, Weirdness & Mutations

You are resistant to torment.
Your stone body is resilient. (AC +7)
You are immune to poison.
You resist negative energy. (rN+)
You are resistant to electric shocks. (rElec)
You can survive without breathing.
You are immune to petrification.
You are immune to rotting.


Message History

The catoblepas closely misses you.
Evoke which item? (* to show all) (? for menu, Esc to quit)
Aiming: Throw Flame
Press: ? - help, Shift-Dir - straight line, f/p - catoblepas
Aim: a catoblepas (almost dead)
The puff of flame hits the catoblepas but does no damage.
The catoblepas is almost dead.
You block the catoblepas's attack.
Evoke which item? (* to show all) (? for menu, Esc to quit)
Evoke which item? (* to show all) (? for menu, Esc to quit)
That's the wrong kind of item! (Use * to select it.) Evoke which item? (* to show all) (? for menu, Esc to quit)
Okay, then.
Okay, then.
The catoblepas breathes a plume of calcifying dust at you.
The blast of calcifying dust hits you!
* * * LOW HITPOINT WARNING * * *
The catoblepas breathes a plume of calcifying dust at you.
The blast of calcifying dust hits you!
You die...

#.####.##.#
#.#...(......#.# #.#
#.##.###.#.##.......#.#
#.#
#.##.....#.....####.#.#
#.#
#.########..#.#.....#.#
#Y# #.#
#.......#.#######.# #.#
#.###...###.#...†.....#
#§#
#....<......###########
#.###########.####
#....§# #.§§@# #####.#
#Y#### #.####.#
#.§§...# #.###### ###


There were no monsters in sight!

Vanquished Creatures
  Joseph (D:8)
  A gargoyle (D:8)
  A komodo dragon (D:8)
  A kobold demonologist (D:8)
  2 hornets (D:8)
  Sigmund (D:2)
  Grum (D:9)
  Duvessa (D:6)
  A water moccasin (D:8)
  A black bear (D:8)
  2 ice beasts
  2 orc warriors
  3 phantoms
  5 sky beasts
  An ogre (D:6)
  2 wolves (D:8)
  3 centaurs
  2 crocodiles
  A big kobold (D:8)
  6 bullfrogs
  Dowan (D:6)
  A water moccasin zombie (D:7)
  2 scorpions
  5 killer bees
  2 howler monkeys (D:9)
  4 crimson imps
  2 jellies (D:6)
  A quasit (D:8)
  A bullfrog zombie (D:5)
  A centaur skeleton (D:8)
  3 hounds
  A gnoll shaman (D:3)
  8 orc priests
  10 orc wizards
  6 iguanas
  3 worker ants
  A hound zombie (D:5)
  A hound skeleton (D:5)
  Robin (D:2)
  12 gnolls
  15 adders
  3 shadow imps
  An adder skeleton (D:7)
  6 worms
  3 dart slugs
  8 leopard geckos
  39 orcs
  A ball python (D:5)
  9 bats
  5 giant cockroaches
  2 gnoll zombies (D:2)
  8 goblins
  11 hobgoblins
  7 jackals
  6 kobolds
  3 quokkas
  5 frilled lizards
  A jackal skeleton (D:9)
  A leopard gecko zombie (D:6)
  2 rats
240 creatures vanquished.

Vanquished Creatures (others)
  3 plants (D:8)
3 creatures vanquished.

Grand Total: 243 creatures vanquished

Notes
Turn   | Place    | Note
-------+----------+-------------------------------------------
     0 | D:1      | Delamore the Gargoyle Fighter began the quest for the Orb.
     0 | D:1      | Reached XP level 1. HP: 14/14 MP: 1/1
   130 | D:1      | Reached XP level 2. HP: 19/19 MP: 2/2
   201 | D:1      | Reached skill level 3 in Maces & Flails
   588 | D:1      | Reached XP level 3. HP: 20/23 MP: 3/3
  1135 | D:1      | Reached skill level 4 in Maces & Flails
  1507 | D:1      | Reached XP level 4. HP: 26/28 MP: 4/4
  1650 | D:2      | Noticed Robin
  1664 | D:2      | Killed Robin
  2112 | D:2      | Found a basalt altar of Yredelemnul.
  2127 | D:2      | Noticed Sigmund
  2139 | D:2      | Killed Sigmund
  2139 | D:2      | Reached skill level 6 in Maces & Flails
  2139 | D:2      | Reached XP level 5. HP: 20/32 MP: 5/5
  2139 | D:2      | Reached XP level 6. HP: 23/37 MP: 6/6
  3536 | D:4      | Reached skill level 7 in Maces & Flails
  3790 | D:4      | Reached XP level 7. HP: 33/41 MP: 7/7
  4275 | D:4      | Reached skill level 8 in Maces & Flails
  4599 | D:5      | Entered Level 5 of the Dungeon
  5261 | D:5      | Found a shimmering blue altar of Sif Muna.
  5511 | D:5      | Reached skill level 9 in Maces & Flails
  5511 | D:5      | Reached XP level 8. HP: 46/46 MP: 8/8
  5566 | D:5      | Found a shadowy altar of Dithmenos.
  5566 | D:5      | Found a glowing golden altar of the Shining One.
  6199 | D:6      | Noticed Duvessa
  6199 | D:6      | Noticed Dowan
  6363 | D:6      | Killed Duvessa
  6363 | D:6      | Reached skill level 10 in Maces & Flails
  6369 | D:6      | Killed Dowan
  7140 | D:6      | Reached skill level 11 in Maces & Flails
  7239 | D:6      | Found a staircase to the Ecumenical Temple.
  7257 | Temple   | Entered the Ecumenical Temple
  7447 | D:6      | Reached XP level 9. HP: 45/51 MP: 9/9
  7807 | D:7      | Reached skill level 12 in Maces & Flails
  7980 | D:7      | Found a hide-covered altar of Uskayaw.
  8266 | D:7      | Found Veisan's Gadget Shop.
  8832 | D:8      | Found an iron altar of Okawaru.
  8860 | D:8      | Became a worshipper of Warmaster Okawaru
  8986 | D:8      | Reached skill level 13 in Maces & Flails
  9094 | D:8      | Noticed Joseph
  9127 | D:8      | Killed Joseph
  9127 | D:8      | Reached * piety under Okawaru
  9127 | D:8      | Reached XP level 10. HP: 45/56 MP: 10/10
  9390 | D:8      | Noticed a gargoyle
  9407 | D:8      | Killed a gargoyle
  9407 | D:8      | Reached skill level 14 in Maces & Flails
  9481 | D:8      | Found a snail-covered altar of Cheibriados.
  9833 | D:8      | Found a staircase to the Lair.
  9969 | D:8      | Reached ** piety under Okawaru
 10359 | D:9      | Noticed Grum
 10453 | D:9      | Killed Grum
 10548 | D:9      | Reached skill level 15 in Maces & Flails
 10571 | D:9      | Noticed a kobold demonologist
 10582 | D:9      | Noticed a kobold demonologist
 10703 | D:9      | Noticed a smoke demon
 10717 | D:9      | Noticed a rust devil
 10721 | D:8      | Killed a kobold demonologist
 11046 | D:9      | Reached *** piety under Okawaru
 11323 | D:9      | Noticed a catoblepas
 11382 | D:8      | Killed from afar by a catoblepas

Illustrated notes

Levels and vault maps discovered:
D:1:      dpeg_arrival_round_b, layout_loops_ring
D:2:      layout_basic, lemuel_zombie_altar_yredelemnul, first_ration,
          grunt_decor_mini_mirrors, uniq_robin, uniq_sigmund
D:3:      layout_loops_ring
D:4:      layout_loops_ring, minmay_strange_pillars
D:5:      layout_basic, old_standard_altar, grunt_temple_overflow_open
D:6:      layout_rooms, minmay_temple_entry_drinking_statues,
          hangedman_abyss_or_decor_jellyfish_corner, uniq_duvessa
D:7:      layout_basic, basic_altar, serial_shops, shop_statue, serial_glass,
          glass_columns_a, glass_columns_b
D:8:      layout_basic, okawaru_metal_pillars_3, cheibrodos_worm_habitat,
          david_lair_shrubbed, uniq_joseph
D:9:      minmay_the_grid_square_5x5_3x3 [minmay_the_grid_square_5x5_mess,
          minmay_the_grid_square_5x5_half_checkered,
          minmay_the_grid_square_5x5_broken_cross,
          minmay_the_grid_square_5x5_fat_x,
          minmay_the_grid_square_5x5_megaprize_open,
          minmay_the_grid_square_5x5_tie,
          minmay_the_grid_square_5x5_spiral_small,
          minmay_the_grid_square_5x5_empty,
          minmay_the_grid_square_5x5_moneybag], layout_cave_pools, uniq_grum,
          uniq_gastronok
Temple:   eino_temple_scatter_basement

Skill      XL: |  1  2  3  4  5  6  7  8  9 10 |
---------------+-------------------------------+-----
Maces & Flails | 3 4 6 7 9 11 13 15 | 15.4
Fighting       | |  3.2
Armour         | |  3.2
Shields        | |  3.2

Action                   |  1- 3 |  4- 6 |  7- 9 | 10-12 || total
-------------------------+-------+-------+-------+-------++-------
Melee: Flail             |    90 |   178 |   732 |   329 ||  1329
       Unarmed           |       |       |     5 |       ||     5
Throw: Boomerang         |       |       |       |     4 ||     4
       Throwing net      |       |       |       |     1 ||     1
Invok: Heroism           |       |       |       |     1 ||     1
Evoke: Wand              |       |       |       |     1 ||     1
  Use: Potion            |       |     1 |     3 |       ||     4
       Scroll            |       |     4 |     1 |       ||     5
  Eat: Chunk             |     1 |     8 |    18 |     7 ||    34
Armor: Scale mail        |    49 |   117 |   370 |       ||   536
       Skin              |       |       |     1 |       ||     1
       Chain mail        |       |       |    72 |    49 ||   121
       Ring mail         |       |       |       |   127 ||   127
Dodge: Dodged            |    35 |    73 |   179 |   101 ||   388
Block: Kite shield       |    46 |   120 |   371 |   156 ||   693
